| TOP OF THE 1ST |
|
Augusta GreenJackets batting - Pitching for Binghamton Mets : RHP Francis Cornick
|
|
Pitching: RHP Francis Cornick
|
|
|
Batting: LHB Josh Straub
|
0-0: Called Strike 0-1: Ball 1-1: Swinging Strike 1-2: Ball 2-2: Strikes out looking
|
|
Batting: LHB Pong-keun Koh
|
0-0: Ball 1-0: Ground out 1-3 (Groundball, 13S, EV 71.2 MPH)
|
|
Batting: LHB Juan Gonzalez
|
0-0: Ball 1-0: Ball 2-0: Ball 3-0: Called Strike 3-1: Base on Balls
|
|
Batting: LHB Gabe Velez
|
0-0: Ball 1-0: Called Strike 1-1: Ball 2-1: Swinging Strike 2-2: Ground out U3 (Groundball, 3L, EV 105.0 MPH)
|
| Top of the 1st over - 0 runs, 0 hits, 0 errors, 1 left on base; Augusta 0 - Binghamton 0 |
| BOTTOM OF THE 1ST |
|
Binghamton Mets batting - Pitching for Augusta GreenJackets : RHP Ryan Hoagland
|
|
Pitching: RHP Ryan Hoagland
|
|
|
Batting: RHB Oscar Bravo
|
0-0: Ball 1-0: Reached on error, E4 (Groundball, 4, EV 105.0 MPH)
|
|
Batting: RHB Jack Nickleberry
|
0-0: SINGLE (Groundball, 4M, EV 83.1 MPH) (infield hit) Oscar Bravo to second
|
|
Batting: RHB Jose Lara
|
0-0: Foul Ball, location: 2F 0-1: SINGLE (Groundball, 6MD, EV 103.8 MPH) Oscar Bravo to third Jack Nickleberry to second
|
|
Batting: SHB Masatoshi Akahoshi
|
0-0: Ball 1-0: Ball 2-0: Hit by Pitch Oscar Bravo scores Jack Nickleberry to third Jose Lara to second
|
|
Batting: RHB Chris Artz
|
0-0: Ball 1-0: Foul Ball, location: 2F 1-1: Fly out, F8 (Flyball, 8LM, EV 93.8 MPH)
|
|
Batting: SHB Alex Cavazos
|
0-0: Called Strike 0-1: Ball 1-1: Ball 2-1: Foul Ball, location: 2F 2-2: Fly out, F7 (Flyball, 7S, EV 93.1 MPH)
|
|
Batting: SHB Keith Casner
|
0-0: Fly out, F9 (Line Drive, 89D, EV 85.6 MPH)
|
| Bottom of the 1st over - 1 run, 2 hits, 1 error, 3 left on base; Augusta 0 - Binghamton 1 |
| TOP OF THE 2ND |
|
Augusta GreenJackets batting - Pitching for Binghamton Mets : RHP Francis Cornick
|
|
Batting: RHB Drew Duncan
|
0-0: DOUBLE (Groundball, 5L, EV 103.8 MPH)
|
|
Batting: RHB Josh Lippens
|
0-0: Ball 1-0: Ball 2-0: Ball 3-0: Base on Balls
|
|
Batting: RHB Jonathan Reece
|
0-0: Swinging Strike 0-1: Ball 1-1: Called Strike 1-2: Strikes out swinging
|
|
Batting: LHB John Whitman
|
0-0: Ball 1-0: Ball 2-0: Ball 3-0: Called Strike 3-1: Foul Ball, location: 2F 3-2: Fly out, F8 (Flyball, 8RM, EV 95.0 MPH)
|
|
Batting: RHB Gabe Ochoa
|
0-0: Called Strike 0-1: Called Strike 0-2: Ball 1-2: Strikes out looking
|
| Top of the 2nd over - 0 runs, 1 hit, 0 errors, 2 left on base; Augusta 0 - Binghamton 1 |
| BOTTOM OF THE 2ND |
|
Binghamton Mets batting - Pitching for Augusta GreenJackets : RHP Ryan Hoagland
|
|
Batting: RHB Jim Freels
|
0-0: Ball 1-0: Ground out 5-3 (Groundball, 56, EV 104.4 MPH)
|
|
Batting: RHB Mike Hanks
|
0-0: Ball 1-0: Called Strike 1-1: Called Strike 1-2: Strikes out swinging
|
|
Batting: RHB Oscar Bravo
|
0-0: Called Strike 0-1: Called Strike 0-2: Foul Ball, location: 2F 0-2: Strikes out looking
|
| Bottom of the 2nd over - 0 runs, 0 hits, 0 errors, 0 left on base; Augusta 0 - Binghamton 1 |
| TOP OF THE 3RD |
|
Augusta GreenJackets batting - Pitching for Binghamton Mets : RHP Francis Cornick
|
|
Batting: LHB Josh Straub
|
0-0: Ball 1-0: Foul Ball, location: 2F 1-1: Ball 2-1: Ball 3-1: Base on Balls
|
|
Batting: LHB Pong-keun Koh
|
0-0: Ball 1-0: SINGLE (Groundball, 25, EV 68.8 MPH) (infield hit) Josh Straub to second
|
|
Batting: LHB Juan Gonzalez
|
0-0: Ball 1-0: Foul Ball, location: 2F 1-1: Ball 2-1: Swinging Strike 2-2: Foul Ball, location: 2F 2-2: Ball 3-2: SINGLE (Line Drive, 4MD, EV 95.0 MPH) Josh Straub to third Pong-keun Koh to second
|
|
Batting: LHB Gabe Velez
|
0-0: Swinging Strike 0-1: Foul Ball, location: 2F 0-2: Ball 1-2: Foul Ball, location: 2F 1-2: Strikes out looking
|
|
Batting: RHB Drew Duncan
|
0-0: Ball 1-0: SINGLE (Flyball, 3D, EV 90.0 MPH) Josh Straub scores Pong-keun Koh to third Juan Gonzalez to second
|
|
Batting: RHB Josh Lippens
|
0-0: Swinging Strike 0-1: Ball 1-1: Ball 2-1: Foul Ball, location: 2F 2-2: Ball 3-2: SINGLE (Groundball, 56S, EV 62.5 MPH) (infield hit) Pong-keun Koh scores Juan Gonzalez to third Drew Duncan to second
|
|
Batting: RHB Jonathan Reece
|
0-0: Ball Wild Pitch! Juan Gonzalez scores Drew Duncan to third Josh Lippens to second 1-0: Ball 2-0: Ball 3-0: Called Strike 3-1: Foul Ball, location: 2F 3-2: 3-RUN HOME RUN (Flyball, 7LD, EV 91.9 MPH), Distance : 348 ft
|
|
Pitching: RHP Amare Golden
|
|
|
Batting: LHB John Whitman
|
0-0: Foul Ball, location: 2F 0-1: DOUBLE (Line Drive, 89D, EV 111.2 MPH)
|
|
Batting: RHB Gabe Ochoa
|
0-0: Ball 1-0: Foul Ball, location: 2F 1-1: Foul Ball, location: 2F 1-2: Ball 2-2: Fly out, F7 (Flyball, 7S, EV 90.6 MPH)
|
|
Batting: LHB Josh Straub
|
0-0: Ball Wild Pitch! John Whitman to third 1-0: Ground out 3-1 (Groundball, 13, EV 90.0 MPH)
|
| Top of the 3rd over - 6 runs, 6 hits, 0 errors, 1 left on base; Augusta 6 - Binghamton 1 |
| BOTTOM OF THE 3RD |
|
Binghamton Mets batting - Pitching for Augusta GreenJackets : RHP Ryan Hoagland
|
|
Batting: RHB Jack Nickleberry
|
0-0: Foul Ball, location: 2F 0-1: Ball 1-1: SINGLE (Groundball, 4D, EV 99.4 MPH)
|
|
Batting: RHB Jose Lara
|
0-0: Foul Ball, location: 2F 0-1: Ball 1-1: Foul Ball, location: 2F 1-2: Fielders Choice at 2nd, 2-4 (Groundball, 15S, EV 68.1 MPH)
|
|
Batting: SHB Masatoshi Akahoshi
|
0-0: Ball 1-0: Foul Ball, location: 2F 1-1: Foul Ball, location: 2F 1-2: Strikes out swinging
|
|
Batting: RHB Chris Artz
|
0-0: Ball 1-0: Ball 2-0: Called Strike 2-1: Reached on error, E6 (Groundball, 6, EV 76.9 MPH) Jose Lara to second
|
|
Batting: SHB Alex Cavazos
|
0-0: Reached on error, E6 (Groundball, 6, EV 107.5 MPH) Jose Lara to third Chris Artz to second
|
|
Batting: SHB Keith Casner
|
0-0: Foul Ball, location: 2F 0-1: DOUBLE (Line Drive, 89M, EV 96.2 MPH) Jose Lara scores Chris Artz scores Alex Cavazos to third Runner from 3rd tries for Home, SAFE, no throw by RF
|
|
Batting: RHB Jim Freels
|
0-0: Foul Ball, location: 2F 0-1: Ball 1-1: Ball 2-1: Swinging Strike 2-2: Foul Ball, location: 2F 2-2: Ground out 3-1 (Groundball, 34, EV 81.2 MPH)
|
| Bottom of the 3rd over - 3 runs, 2 hits, 2 errors, 1 left on base; Augusta 6 - Binghamton 4 |
| TOP OF THE 4TH |
|
Augusta GreenJackets batting - Pitching for Binghamton Mets : RHP Amare Golden
|
|
Batting: LHB Pong-keun Koh
|
0-0: Swinging Strike 0-1: Swinging Strike 0-2: Ball 1-2: Ball 2-2: Fly out, F9 (Flyball, 9, EV 93.1 MPH)
|
|
Batting: LHB Juan Gonzalez
|
0-0: Swinging Strike 0-1: Ground out 4-3 (Groundball, 4S, EV 83.8 MPH)
|
|
Batting: LHB Gabe Velez
|
0-0: Ball 1-0: Called Strike 1-1: Ball 2-1: Ball 3-1: Base on Balls
|
|
Batting: RHB Drew Duncan
|
0-0: Ball 1-0: SINGLE (Groundball, 56, EV 102.5 MPH) Gabe Velez to second
|
|
Batting: RHB Josh Lippens
|
0-0: Called Strike 0-1: Foul Ball, location: 2F 0-2: SINGLE (Groundball, 4S, EV 63.1 MPH) (infield hit) Gabe Velez to third Drew Duncan to second
|
|
Batting: RHB Jonathan Reece
|
0-0: Foul Ball, location: 2F 0-1: Hit by Pitch Gabe Velez scores Drew Duncan to third Josh Lippens to second
|
|
Batting: LHB John Whitman
|
0-0: Foul Ball, location: 2F 0-1: Ball 1-1: Foul Ball, location: 2F 1-2: Foul Ball, location: 2F 1-2: Ball 2-2: Ball 3-2: SINGLE (Groundball, 6, EV 110.6 MPH) Drew Duncan scores Josh Lippens to third Jonathan Reece to second Josh Lippens scores Jonathan Reece to third
|
|
Pitching: RHP Gabe Kelso
|
|
|
Batting: RHB Gabe Ochoa
|
0-0: Ball 1-0: Fly out, F9 (Flyball, 9S, EV 87.5 MPH)
|
| Top of the 4th over - 3 runs, 3 hits, 0 errors, 2 left on base; Augusta 9 - Binghamton 4 |
| BOTTOM OF THE 4TH |
|
Binghamton Mets batting - Pitching for Augusta GreenJackets : RHP Ryan Hoagland
|
|
Batting: RHB Mike Hanks
|
0-0: Swinging Strike 0-1: Foul Ball, location: 2F 0-2: Ball 1-2: Ball 2-2: Strikes out swinging
|
|
Batting: RHB Oscar Bravo
|
0-0: Ball 1-0: Ball 2-0: Swinging Strike 2-1: Ball 3-1: Base on Balls
|
|
Batting: RHB Jack Nickleberry
|
0-0: Ball 1-0: Ball Oscar Bravo steals 2nd base 2-0: Ball 3-0: Called Strike 3-1: Foul Ball, location: 2F 3-2: Fly out, F8 (Flyball, 8RD, EV 83.1 MPH)
|
|
Batting: RHB Jose Lara
|
0-0: Called Strike 0-1: Foul Ball, location: 2F 0-2: Ball 1-2: Ball 2-2: SINGLE (Line Drive, 5D, EV 95.0 MPH) Oscar Bravo to third Runner from 3rd tries for Home, SAFE, throw by LF to home
|
|
Pitching: RHP Damian Molina
|
|
|
Batting: SHB Masatoshi Akahoshi
|
0-0: SINGLE (Groundball, 34S, EV 90.0 MPH) (infield hit) Jose Lara to second
|
|
Batting: RHB Chris Artz
|
0-0: Called Strike 0-1: Ball 1-1: Foul Ball, location: 2F 1-2: Foul Ball, location: 2F 1-2: SINGLE (Groundball, 56, EV 109.4 MPH) (infield hit) Jose Lara to third Masatoshi Akahoshi to second
|
|
Batting: SHB Alex Cavazos
|
0-0: Ball 1-0: Ball 2-0: Swinging Strike 2-1: Fielders Choice at 2nd, U4 (Groundball, 4M, EV 77.5 MPH)
|
| Bottom of the 4th over - 1 run, 3 hits, 0 errors, 3 left on base; Augusta 9 - Binghamton 5 |
| TOP OF THE 5TH |
|
Augusta GreenJackets batting - Pitching for Binghamton Mets : RHP Gabe Kelso
|
|
Batting: LHB Josh Straub
|
0-0: Called Strike 0-1: Ground out 6-3 (Groundball, 6, EV 81.2 MPH)
|
|
Batting: LHB Pong-keun Koh
|
0-0: SINGLE (Line Drive, 9S, EV 87.5 MPH)
|
|
Batting: LHB Juan Gonzalez
|
0-0: Ball 1-0: Ball 2-0: Ball 3-0: Called Strike 3-1: Fly out, F8 (Flyball, 8LM, EV 84.4 MPH)
|
|
Batting: LHB Gabe Velez
|
0-0: Ball Pong-keun Koh steals 2nd base 1-0: Swinging Strike 1-1: Ball 2-1: Ball 3-1: Base on Balls
|
|
Batting: RHB Drew Duncan
|
0-0: SINGLE (Line Drive, 7S, EV 103.8 MPH) Pong-keun Koh to third Gabe Velez to second Runner from 3rd tries for Home, throw by LF and OUT! 7-2
|
| Top of the 5th over - 0 runs, 2 hits, 0 errors, 2 left on base; Augusta 9 - Binghamton 5 |
| BOTTOM OF THE 5TH |
|
Binghamton Mets batting - Pitching for Augusta GreenJackets : RHP Damian Molina
|
|
Batting: SHB Keith Casner
|
0-0: Ball 1-0: Called Strike 1-1: Swinging Strike 1-2: Ball 2-2: Strikes out swinging
|
|
Batting: RHB Jim Freels
|
0-0: Ball 1-0: Ball 2-0: Ball 3-0: Base on Balls
|
|
Batting: RHB Mike Hanks
|
0-0: Swinging Strike 0-1: Ball Passed Ball! Jim Freels to second 1-1: Foul Ball, location: 2F 1-2: Foul Ball, location: 2F 1-2: Foul Ball, location: 2F 1-2: Strikes out swinging
|
|
Batting: RHB Oscar Bravo
|
0-0: Foul Ball, location: 2F 0-1: Swinging Strike 0-2: Strikes out swinging
|
| Bottom of the 5th over - 0 runs, 0 hits, 0 errors, 1 left on base; Augusta 9 - Binghamton 5 |
| TOP OF THE 6TH |
|
Augusta GreenJackets batting - Pitching for Binghamton Mets : RHP Gabe Kelso
|
|
Batting: RHB Josh Lippens
|
0-0: Ball 1-0: Ground out 4-3 (Groundball, 4, EV 80.6 MPH)
|
|
Batting: RHB Jonathan Reece
|
0-0: Called Strike 0-1: Foul Ball, location: 2F 0-2: Ball 1-2: Ball 2-2: Strikes out looking
|
|
Batting: LHB John Whitman
|
0-0: Ground out 5-3 (Groundball, 5, EV 82.5 MPH)
|
| Top of the 6th over - 0 runs, 0 hits, 0 errors, 0 left on base; Augusta 9 - Binghamton 5 |
| BOTTOM OF THE 6TH |
|
Binghamton Mets batting - Pitching for Augusta GreenJackets : RHP Damian Molina
|
|
Batting: RHB Jack Nickleberry
|
0-0: Ball 1-0: Swinging Strike 1-1: Called Strike 1-2: Reached on error, E6 (Groundball, 6, EV 104.4 MPH)
|
|
Batting: RHB Jose Lara
|
0-0: Called Strike Jack Nickleberry steals 2nd base 0-1: Swinging Strike 0-2: Strikes out swinging
|
|
Batting: SHB Masatoshi Akahoshi
|
0-0: Ball 1-0: Ball 2-0: Ball 3-0: Called Strike 3-1: Base on Balls
|
|
Batting: RHB Chris Artz
|
0-0: Ball 1-0: Ball 2-0: Ball 3-0: Called Strike 3-1: Called Strike 3-2: Strikes out swinging
|
|
Pitching: LHP Tommy McCusker
|
|
|
Batting: SHB Alex Cavazos
|
0-0: Reached on error, E5 (Groundball, 56, EV 101.2 MPH) Jack Nickleberry to third Masatoshi Akahoshi to second
|
|
Batting: SHB Keith Casner
|
0-0: SINGLE (Flyball, 78S, EV 91.2 MPH) Jack Nickleberry scores Masatoshi Akahoshi to third Alex Cavazos to second Runner from 3rd tries for Home, SAFE, throw by LF to home
|
|
Batting: RHB Jim Freels
|
0-0: Ball 1-0: Reached via error on a dropped throw from 1B, E1 (Groundball, 34S, EV 86.2 MPH) Alex Cavazos to third Keith Casner to second
|
|
Batting: RHB Mike Hanks
|
0-0: Fielders Choice at 2nd, 6-4 (Groundball, 6, EV 85.0 MPH)
|
| Bottom of the 6th over - 2 runs, 1 hit, 3 errors, 3 left on base; Augusta 9 - Binghamton 7 |
| TOP OF THE 7TH |
|
Augusta GreenJackets batting - Pitching for Binghamton Mets : RHP Gabe Kelso
|
|
Pitching: RHP Ryan Wilson
|
|
|
Batting: RHB Gabe Ochoa
|
0-0: Swinging Strike 0-1: Ball 1-1: Foul Ball, location: 2F 1-2: Strikes out swinging
|
|
Batting: LHB Josh Straub
|
0-0: Fly out, F6 (Popup, 6M, EV 58.8 MPH)
|
|
Batting: LHB Pong-keun Koh
|
0-0: Ball 1-0: Swinging Strike 1-1: DOUBLE (Flyball, 8LXD, EV 89.4 MPH)
|
|
Batting: LHB Juan Gonzalez
|
0-0: Ball 1-0: Ball 2-0: Called Strike 2-1: Called Strike 2-2: Ball 3-2: Base on Balls
|
|
Batting: LHB Gabe Velez
|
0-0: Ball 1-0: Ball 2-0: Ball 3-0: Base on Balls Pong-keun Koh to third Juan Gonzalez to second
|
|
Batting: RHB Drew Duncan
|
0-0: Ball 1-0: Ball 2-0: Ball 3-0: Called Strike 3-1: Foul Ball, location: 2F 3-2: Foul Ball, location: 2F 3-2: Foul Ball, location: 2F 3-2: Foul Ball, location: 2F 3-2: Foul Ball, location: 2F 3-2: Foul Ball, location: 2F 3-2: Strikes out looking
|
| Top of the 7th over - 0 runs, 1 hit, 0 errors, 3 left on base; Augusta 9 - Binghamton 7 |
| BOTTOM OF THE 7TH |
|
Binghamton Mets batting - Pitching for Augusta GreenJackets : LHP Tommy McCusker
|
|
Batting: RHB Oscar Bravo
|
0-0: Ball 1-0: Ball 2-0: SINGLE (Groundball, 34D, EV 96.2 MPH)
|
|
Batting: RHB Jack Nickleberry
|
0-0: Ball Oscar Bravo steals 2nd base 1-0: Called Strike 1-1: Foul Ball, location: 2F 1-2: Foul Ball, location: 2F 1-2: Ball 2-2: Reached on error, E5 (Groundball, 56, EV 90.0 MPH) Oscar Bravo to third
|
|
Batting: RHB Jose Lara
|
0-0: Called Strike 0-1: Ball 1-1: Ball 2-1: Foul Ball, location: 2F 2-2: Fly out, F7 (Flyball, 7S, EV 91.2 MPH)
|
|
Batting: SHB Masatoshi Akahoshi
|
0-0: Called Strike 0-1: Foul Ball, location: 5F, Error on foul ball, E5 0-2: Grounds into double play, 6-4-3 (Groundball, 6, EV 88.1 MPH)
|
| Bottom of the 7th over - 0 runs, 1 hit, 2 errors, 1 left on base; Augusta 9 - Binghamton 7 |
| TOP OF THE 8TH |
|
Augusta GreenJackets batting - Pitching for Binghamton Mets : RHP Ryan Wilson
|
|
Pitching: LHP Jared Deckard
|
|
|
Batting: RHB Josh Lippens
|
0-0: Ball 1-0: Ball 2-0: Called Strike 2-1: Fly out, F4 (Popup, 4, EV 58.1 MPH)
|
|
Batting: RHB Jonathan Reece
|
0-0: Ball 1-0: Ball 2-0: Foul Ball, location: 2F 2-1: Swinging Strike 2-2: Ball 3-2: Strikes out swinging
|
|
Batting: LHB John Whitman
|
0-0: Ball 1-0: Ball 2-0: Ball 3-0: Called Strike 3-1: Called Strike 3-2: Base on Balls
|
|
Batting: RHB Gabe Ochoa
|
0-0: Foul Ball, location: 2F 0-1: Ball 1-1: Ball 2-1: Swinging Strike 2-2: Strikes out swinging
|
| Top of the 8th over - 0 runs, 0 hits, 0 errors, 1 left on base; Augusta 9 - Binghamton 7 |
| BOTTOM OF THE 8TH |
|
Binghamton Mets batting - Pitching for Augusta GreenJackets : LHP Tommy McCusker
|
|
Pitching: RHP Filip Nebylitsin
|
|
|
Batting: RHB Chris Artz
|
0-0: Ball 1-0: Foul Ball, location: 2F 1-1: SOLO HOME RUN (Flyball, 9D, EV 100.0 MPH), Distance : 361 ft
|
|
Batting: SHB Alex Cavazos
|
0-0: Swinging Strike 0-1: SINGLE (Groundball, 3D, EV 95.0 MPH)
|
|
Batting: SHB Keith Casner
|
0-0: Swinging Strike 0-1: Foul Ball, location: 2F 0-2: Ball 1-2: Strikes out swinging
|
|
Batting: RHB Jim Freels
|
0-0: Called Strike 0-1: SINGLE (Groundball, 5S, EV 72.5 MPH) (infield hit) Alex Cavazos to second
|
|
Batting: RHB Mike Hanks
|
0-0: Fly out, F8 (Flyball, 8LD, EV 93.1 MPH)
|
|
Batting: RHB Oscar Bravo
|
0-0: Foul Ball, location: 2F 0-1: Foul Ball, location: 2F 0-2: Ball 1-2: Ball 2-2: Ball 3-2: Strikes out looking
|
| Bottom of the 8th over - 1 run, 3 hits, 0 errors, 2 left on base; Augusta 9 - Binghamton 8 |
| TOP OF THE 9TH |
|
Augusta GreenJackets batting - Pitching for Binghamton Mets : LHP Jared Deckard
|
|
Pitching: RHP Thomas Clark
|
|
|
Batting: LHB Josh Straub
|
0-0: Ball 1-0: Ball 2-0: Foul Ball, location: 2F 2-1: Ball 3-1: Swinging Strike 3-2: Foul Ball, location: 2F 3-2: Foul Ball, location: 2F 3-2: Strikes out swinging
|
|
Batting: LHB Pong-keun Koh
|
0-0: Ball 1-0: Ball 2-0: Fly out, F9 (Flyball, 9LM, EV 78.1 MPH)
|
|
Batting: LHB Juan Gonzalez
|
0-0: Ball 1-0: Foul Ball, location: 2F 1-1: Called Strike 1-2: Ball 2-2: Ball 3-2: Ground out 3-1 (Groundball, 34S, EV 84.4 MPH)
|
| Top of the 9th over - 0 runs, 0 hits, 0 errors, 0 left on base; Augusta 9 - Binghamton 8 |
| BOTTOM OF THE 9TH |
|
Binghamton Mets batting - Pitching for Augusta GreenJackets : RHP Filip Nebylitsin
|
|
Pitching: LHP Caleb Mullinax
|
|
|
Now in LF: Ian Richardson
|
|
|
Batting: RHB Jack Nickleberry
|
0-0: Foul Ball, location: 2F 0-1: Ground out 6-3 (Groundball, 6, EV 94.4 MPH)
|
|
Batting: RHB Jose Lara
|
0-0: Foul Ball, location: 2F 0-1: Swinging Strike 0-2: Strikes out swinging, 2-3 out at first.
|
|
Batting: SHB Masatoshi Akahoshi
|
0-0: Ball 1-0: Ball 2-0: Called Strike 2-1: Ball 3-1: Base on Balls
|
|
Batting: RHB Chris Artz
|
0-0: Called Strike 0-1: Swinging Strike 0-2: Ball 1-2: Strikes out swinging
|
| Bottom of the 9th over - 0 runs, 0 hits, 0 errors, 1 left on base; Augusta 9 - Binghamton 8 |
|